 Dungeon Crawl Stone Soup version 0.26.1-2-gb8aa6d0cf2 (webtiles) character file.

Game seed: 16864229768757220039

25167 Ladykiller69 the Severer (level 12, -1/115 HPs)
             Began as a Minotaur Gladiator on Mar 18, 2021.
             Was a High Priest of Wu Jian.
             Killed by divine providence
             ... invoked by an orc priest
              (10 damage)
             ... while paralysed by an orc sorcerer
             ... on level 2 of the Orcish Mines.
             The game lasted 00:37:50 (20299 turns).

Ladykiller69 the Severer (Minotaur Gladiator)      Turns: 20299, Time: 00:37:51

Health: -1/115     AC: 18    Str: 23    XL:     12   Next: 87%
Magic:  11/11      EV:  2    Int:  5    God:    Wu Jian [*****.]
Gold:   1830       SH:  0    Dex: 13    Spells: 11/11 levels left

rFire    x . .     SeeInvis .   X - +0 battleaxe
rCold    + . .     Faith    +   (shield currently unavailable)
rNeg     . . .     Spirit   .   K - +2 plate armour {rPois}
rPois    +         Reflect  .   c - +0 hat
rElec    .         Harm     .   w - +0 cloak
rCorr    .         Rampage  .   (no gloves)
Will     .....                  T - +0 pair of boots
Stlth    ..........             n - amulet of faith
HPRegen  0.29/turn              b - ring of ice
MPRegen  0.12/turn              R - +4 ring of protection

@: paralysed
A: retaliatory headbutt, horns 2
a: Renounce Religion, Wall Jump, Serpent's Lash, Heavenly Storm


You were on level 2 of the Orcish Mines.
You worshipped Wu Jian.
Wu Jian was extremely pleased with you.
You visited 3 branches of the dungeon, and saw 16 of its levels.
You also visited: Ossuary and Bailey.

You collected 2138 gold pieces.
You spent 308 gold pieces at shops.

Inventory:

Hand Weapons
 X - a +0 battleaxe (weapon)
Missiles
 d - a throwing net
 q - 22 poisoned darts (quivered)
 J - 63 boomerangs
 Q - 7 javelins
Armour
 c - a +0 hat (worn)
 w - a +0 cloak (worn)
 y - a +1 plate armour of willpower
 K - a +2 plate armour of poison resistance (worn)
 T - a +0 pair of boots (worn)
Jewellery
 b - a ring of ice (left hand)
 j - an uncursed amulet of reflection
 l - an uncursed ring of see invisible
 m - an uncursed amulet of regeneration
 n - an amulet of faith (around neck)
 B - an uncursed ring of magical power
 N - an uncursed ring of fire
 R - a +4 ring of protection (right hand)
Wands
 k - a wand of acid (1)
 r - a wand of iceblast (25)
 P - a wand of paralysis (9)
 S - a wand of polymorph (8)
Scrolls
 a - 2 scrolls of random uselessness {unknown}
 e - a scroll of magic mapping {unknown}
 f - 6 scrolls of teleportation
 g - 14 scrolls of remove curse {unknown}
 h - 2 scrolls of blinking
 o - 2 scrolls of identify
 p - 4 scrolls of immolation {unknown}
 t - 6 scrolls of noise {unknown}
 x - 3 scrolls of fear {unknown}
 C - 2 scrolls of fog {unknown}
 F - a scroll of vulnerability {unknown}
 H - 3 scrolls of enchant weapon {unknown}
 O - 2 scrolls of amnesia {unknown}
 U - 2 scrolls of brand weapon {unknown}
 V - a scroll of silence {unknown}
 W - a scroll of enchant armour
 Y - a scroll of holy word {unknown}
Potions
 i - 4 potions of magic
 s - a potion of attraction
 u - 7 potions of curing
 v - 4 potions of mutation
 z - 5 potions of heal wounds
 A - 3 potions of flight
 D - 3 potions of berserk rage
 E - 2 potions of cancellation
 G - a potion of brilliance
 I - a potion of ambrosia
 L - 3 potions of haste
 M - a potion of might


   Skills:
 + Level 13.0 Fighting
 * Level 17.5 Axes
 - Level 2.1 Throwing
 + Level 12.2 Dodging


You had 11 spell levels left.
You didn't know any spells.
Your spell library contained the following spells:

 Spells                   Type           Power        Failure   Level
 Freeze                   Ice            0%           100%        1
 Magic Dart               Conj           0%           100%        1
 Blink                    Tloc           N/A          100%        2
 Call Imp                 Summ           0%           100%        2
 Slow                     Hex            0%           100%        2
 Confusing Touch          Hex            0%           100%        3
 Conjure Flame            Conj/Fire      0%           100%        3
 Frozen Ramparts          Ice            0%           100%        3
 Gell's Gravitas          Tloc           0%           100%        3
 Mephitic Cloud           Conj/Pois/Air  0%           100%        3
 Ozocubu's Armour         Ice            0%           100%        3
 Hailstorm                Conj/Ice       0%           100%        4
 Petrify                  Tmut/Erth      0%           100%        4
 Summon Ice Beast         Ice/Summ       0%           100%        4
 Metabolic Englaciation   Hex/Ice        0%           100%        5
 Yara's Violent Unravell  Hex/Tmut       0%           100%        5


Dungeon Overview and Level Annotations

Branches:
Dungeon (13/15)            Temple (1/1) D:5            Lair (0/6) D:10
    Orc (2/2) D:10            Elf (0/3) Orc:2       Ossuary (visited)
 Bailey (visited)
 Vaults: D:13-14

Altars:
Ashenzari
Cheibriados
Dithmenos
Elyvilon
Fedhas
Gozag
Hepliaklqana
Kikubaaqudgha
Makhleb
Nemelex Xobeh
Okawaru
Qazlal
Ru
Sif Muna
Trog
Uskayaw
Vehumet
Wu Jian
Xom
Yredelemnul
Zin
The Shining One

Shops:
D:10 ?

Annotations:
D:12 2 runed translucent doors
Orc:2 Donald


Innate Abilities, Weirdness & Mutations

You reflexively headbutt those who attack you in melee.
You have a pair of horns on your head.


Message History

You shrug off the repeated paralysis!
The orc priest invokes the aid of Beogh against you.
You resist with significant effort.
The orc wizard gestures wildly while chanting.
The orc wizard seems to speed up.
The two-headed ogre hits you with a +0 giant club!
* * * LOW HITPOINT WARNING * * *
The two-headed ogre hits you with a +0 dire flail!
* * * LOW HITPOINT WARNING * * *
The orc priest hits you but does no damage.
The orc wizard gestures at itself while chanting.
The orc wizard flickers and vanishes!
Deactivating autopickup; reactivate with Ctrl-A.
The orc sorcerer hits you but does no damage.
The two-headed ogre barely misses you.
The two-headed ogre hits you but does no damage.
The orc priest hits you but does no damage.
The orc priest mumbles some strange prayers to Beogh against you.
Beogh smites you!
You die...

##..........##
#...$..).....#..
##.....#$.......#
#.....#..$......#
##....{.....#....#
#....#o#.###.....
#...$...## #....
##oo.o.## #.#.
#o@Oo..# ##).).##
##.### ###


You could see a two-headed ogre, an orc sorcerer, 3 orc priests, an orc wizard
(fast) and an orc.

Vanquished Creatures
  An orc warlord (Orc:1)
  2 boulder beetles
  A centaur warrior (D:13)
  3 two-headed ogres
  A skeletal warrior (D:13)
  2 ugly things
  3 orc knights
  2 orc sorcerers (Orc:1)
  A deep elf mage (D:12)
  Maurice (D:13)
  2 centaur skeletons
  2 trolls
  Prince Ribbit (D:6)
  Grinder (D:3)
  2 wraiths
  3 shadows
  26 yaks
  A steam dragon (D:12)
  A soldier ant (D:12)
  Duvessa (D:6)
  18 orc warriors
  9 sky beasts
  4 ice beasts
  3 phantoms
  2 black bears
  5 centaurs (D:13)
  9 ogres
  3 big kobolds
  10 bullfrogs
  2 elf zombies (Ossuary)
  Dowan (D:6)
  11 scorpions
  A wyvern skeleton (D:7)
  8 killer bees
  17 wights
  7 howler monkeys
  A human zombie (Ossuary)
  A bullfrog zombie (D:13)
  A centaur zombie (D:7)
  7 jellies
  3 bullfrog skeletons
  7 orc priests
  12 hounds
  13 orc wizards
  Ijyb (D:3)
  Natasha (thrice) (D:3)
  2 iguanas
  9 worker ants
  A big kobold zombie (Ossuary)
  A hound skeleton (D:7)
  2 mummies (Ossuary)
  2 howler monkey zombies (D:8)
  15 gnolls
  14 adders
  6 shadow imps
  2 white imps
  3 ufetubi
  2 oozes
  2 adder zombies (Ossuary)
  2 worms (D:2)
  A dart slug (D:1)
  7 leopard geckos
  64 orcs
  3 bats
  6 giant cockroaches
  15 goblins
  8 hobgoblins
  6 jackals
  30 kobolds
  4 quokkas
  A ball python (D:2)
  4 frilled lizards
  A goblin zombie (Ossuary)
  7 hobgoblin zombies (Ossuary)
  2 jackal zombies (Ossuary)
  10 kobold zombies (Ossuary)
  2 leopard gecko skeletons
  9 orc zombies (Ossuary)
  A quokka zombie (D:5)
  6 rats
  2 rat zombies (Ossuary)
468 creatures vanquished.

Vanquished Creatures (others)
  An orc (Orc:1)
1 creature vanquished.

Grand Total: 469 creatures vanquished

Notes
Turn   | Place    | Note
-------+----------+-------------------------------------------
     0 | D:1      | Ladykiller69 the Minotaur Gladiator began the quest for the
                  | Orb.
     0 | D:1      | Reached XP level 1. HP: 18/18 MP: 0/0
   313 | D:1      | Reached skill level 4 in Axes
   313 | D:1      | Reached XP level 2. HP: 25/25 MP: 1/1
   721 | D:1      | Reached XP level 3. HP: 31/31 MP: 2/2
  1223 | D:2      | Found a burning altar of Makhleb.
  1564 | D:2      | Reached XP level 4. HP: 38/38 MP: 3/3
  1566 | D:2      | Reached skill level 5 in Axes
  2405 | D:2      | Found a glowing golden altar of the Shining One.
  2506 | D:3      | Noticed Natasha
  2519 | D:3      | Reached XP level 5. HP: 40/46 MP: 4/4
  2601 | D:3      | Noticed Ijyb
  2608 | D:3      | Killed Ijyb
  2676 | D:3      | Found a hazy altar of Hepliaklqana.
  2836 | D:3      | Killed Natasha
  2837 | D:3      | Reached skill level 6 in Axes
  3123 | D:3      | Noticed Natasha
  3127 | D:3      | Killed Natasha
  3128 | D:3      | Reached XP level 6. HP: 52/52 MP: 5/5
  3188 | D:3      | Noticed Grinder
  3201 | D:3      | Paralysed by Grinder for 2 turns
  3208 | D:3      | Killed Grinder
  3209 | D:3      | Reached skill level 7 in Axes
  3209 | D:3      | Reached skill level 5 in Dodging
  3306 | D:3      | Noticed Natasha
  3315 | D:3      | Killed Natasha
  3512 | D:4      | Reached skill level 5 in Fighting
  3512 | D:4      | Reached XP level 7. HP: 50/61 MP: 6/6
  4064 | D:4      | Found a shadowy altar of Dithmenos.
  4423 | D:5      | Entered Level 5 of the Dungeon
  4512 | D:5      | Reached skill level 8 in Axes
  5026 | D:5      | Found a staircase to the Ecumenical Temple.
  5082 | Temple   | Entered the Ecumenical Temple
  5166 | D:5      | Reached XP level 8. HP: 48/70 MP: 7/7
  5194 | D:5      | Found a sand-covered staircase.
  5198 | Ossuary  | Entered an ossuary
  5384 | Ossuary  | Reached skill level 9 in Axes
  6303 | D:6      | Found a sacrificial altar of Ru.
  6318 | D:6      | Reached skill level 10 in Axes
  6349 | D:6      | Noticed Prince Ribbit
  6663 | D:6      | Killed Prince Ribbit
  7000 | D:6      | Reached XP level 9. HP: 65/79 MP: 8/8
  7125 | D:6      | Noticed Duvessa
  7125 | D:6      | Noticed Dowan
  7143 | D:6      | Killed Duvessa
  7144 | D:6      | Killed Dowan
  7344 | D:6      | Reached skill level 11 in Axes
  7849 | D:7      | Found a broken altar of Ashenzari.
  7896 | D:7      | Found a flagged portal.
  8023 | D:7      | Found a shimmering blue altar of Sif Muna.
  8272 | Bailey   | Entered a bailey
  8297 | Bailey   | Noticed an orc knight
  8449 | Bailey   | Killed an orc knight
  8451 | Bailey   | Reached skill level 12 in Axes
  8486 | Bailey   | Noticed an orc knight
  8496 | Bailey   | Killed an orc knight
  8497 | Bailey   | Reached XP level 10. HP: 19/91 MP: 9/9
  9228 | D:7      | Found a white marble altar of Elyvilon.
  9447 | D:7      | Found a basalt altar of Yredelemnul.
  9898 | D:8      | Noticed a two-headed ogre
  9918 | D:8      | Killed a two-headed ogre
  9919 | D:8      | Reached skill level 13 in Axes
 10728 | D:8      | Reached skill level 10 in Fighting
 11043 | D:8      | Found an ornate altar of the Wu Jian Council.
 11048 | D:8      | Became a worshipper of the Wu Jian Council
 11304 | D:9      | Found an opulent altar of Gozag.
 11305 | D:9      | Found a bloodstained altar of Trog.
 11700 | D:9      | Reached skill level 14 in Axes
 11813 | D:9      | Found a snail-covered altar of Cheibriados.
 12321 | D:10     | Entered Level 10 of the Dungeon
 12433 | D:10     | Reached XP level 11. HP: 101/101 MP: 10/10
 12513 | D:10     | Reached * piety under Wu Jian
 12620 | D:10     | Found a staircase to the Orcish Mines.
 12742 | D:10     | Found Mewin's Magic Scroll Shoppe.
 12751 | D:10     | Bought a scroll of enchant armour for 105 gold pieces
 12751 | D:10     | Bought a scroll of teleportation for 42 gold pieces
 12751 | D:10     | Bought a scroll of blinking for 105 gold pieces
 12923 | D:10     | Reached skill level 10 in Dodging
 12968 | D:10     | Found a staircase to the Lair.
 13435 | D:11     | Noticed a boulder beetle
 13483 | D:11     | Killed a boulder beetle
 13847 | D:11     | Reached skill level 15 in Axes
 13978 | D:11     | Reached ** piety under Wu Jian
 14251 | D:11     | Noticed a white ugly thing
 14274 | Orc:1    | Entered Level 1 of the Orcish Mines
 14275 | Orc:1    | Noticed an orc sorcerer
 14287 | Orc:1    | Killed an orc sorcerer
 14937 | Orc:1    | Noticed an orc knight
 14960 | Orc:1    | Killed an orc knight
 14997 | Orc:1    | Noticed an orc warlord
 15085 | Orc:1    | HP: 4/102 [orc warlord/+0 great mace (33)]
 15545 | D:11     | Reached *** piety under Wu Jian
 15824 | D:11     | Killed a white ugly thing
 15927 | D:12     | Noticed a two-headed ogre
 15933 | D:12     | Killed a two-headed ogre
 16101 | D:12     | Noticed a two-headed ogre
 16233 | D:12     | Reached XP level 12. HP: 105/112 MP: 11/11
 16242 | D:12     | Reached skill level 16 in Axes
 16679 | D:12     | Killed a two-headed ogre
 16727 | D:12     | Found a runed translucent door.
 16727 | D:12     | Noticed a fire dragon
 16727 | D:12     | Noticed a fire dragon
 16728 | D:12     | Noticed an ice dragon
 16729 | D:12     | Noticed an ice dragon
 16730 | D:12     | Found the +2 shield of Resistance {rF++ rC++ Will++}
 16886 | D:12     | Noticed a boulder beetle
 16901 | D:12     | Killed a boulder beetle
 17425 | D:12     | Found a runed translucent door.
 17524 | D:13     | Noticed Maurice
 17534 | D:13     | Killed Maurice
 17963 | D:10     | Bought a scroll of identify for 28 gold pieces
 17963 | D:10     | Bought a scroll of identify for 28 gold pieces
 18101 | D:13     | Reached **** piety under Wu Jian
 18229 | D:13     | Noticed a centaur warrior
 18239 | D:13     | Killed a centaur warrior
 18243 | D:13     | Reached skill level 17 in Axes
 19327 | Orc:1    | Killed an orc warlord
 20128 | Orc:2    | Entered Level 2 of the Orcish Mines
 20150 | Orc:2    | Noticed a two-headed ogre
 20252 | Orc:2    | Found a staircase to the Elven Halls.
 20253 | Orc:2    | Noticed Donald
 20291 | Orc:2    | Reached ***** piety under Wu Jian
 20294 | Orc:2    | Paralysed by an orc sorcerer for 7 turns
 20299 | Orc:2    | Killed from afar by an orc priest

Illustrated notes

Levels and vault maps discovered:
D:1:      dpeg_arrival_lava_temple_mockup, layout_basic,
          chequers_serial_rivers_room_b, minmay_octomino_e4
D:2:      layout_loops_ring, marbit_many_paths, bloody_makhleb
D:3:      layout_loops_ring, lemuel_doored_altar, uniq_ijyb, uniq_grinder,
          uniq_natasha
D:4:      layout_cave_pods, nicolae_overflow_crystal_walls
D:5:      layout_basic, minmay_temple_entry_glassed_door,
          nicolae_ossuary_entry_plus, minmay_fractal_squares_5
D:6:      layout_basic, nicolae_ru_awakened_eye, kennysheep_generic_room_6,
          uniq_duvessa, uniq_prince_ribbit1
D:7:      layout_loops_ring, lemuel_crystal_altar,
          ashenzari_conservatory_becter, yredelemnul_altar_generic,
          lemuel_blue_sif_altar, lightli_bailey_entry_fortress
D:8:      minmay_distorted_concentric_squares, layout_layer_cave,
          kennysheep_little_box, minmay_quadrilaterals
D:9:      layout_loops_corners, cheibriados_altar_1,
          nicolae_overflow_hidden_temple
D:10:     layout_loops_cross, lair_entry_dummy, serial_shops,
          nicolae_shop_statue_plus
D:11:     layout_irregular_city
D:12:     layout_gridville, minmay_guarded_unrand_resistance
D:13:     layout_loops_cross, serial_co_window_serial, co_window_paths_a,
          co_window_corner_a, co_window_paths_a, co_window_of_opportunity_a,
          co_window_paths_a, co_window_2corner, co_window_2corner,
          co_window_of_opportunity_c, glass_columns_b, glass_columns_a,
          glass_columns_b, minmay_misc_feat_rows, uniq_maurice, uniq_erolcha
Temple:   jpeg_temple_island
Orc:1:    cheibrodos_orc_arena, layout_caves, mines4_lemuel
Orc:2:    st_orc_mages, layout_caves, uniq_donald

Skill      XL: |  1  2  3  4  5  6  7  8  9 10 11 12 |
---------------+-------------------------------------+-----
Axes           | 4 5 6 7 8 10 12 14 15 17 | 17.5
Fighting       | 3 4 5 6 7 9 10 11 13 | 13.0
Dodging        | 4 5 6 7 8 9 11 12 | 12.2
Throwing       | |  2.1

Action                   |  1- 3 |  4- 6 |  7- 9 | 10-12 || total
-------------------------+-------+-------+-------+-------++-------
Melee: War axe           |    79 |    94 |   376 |   420 ||   969
       Headbutt          |    11 |    15 |    74 |   205 ||   305
       Battleaxe         |       |       |       |   471 ||   471
Throw: Throwing net      |       |     2 |     3 |     6 ||    11
       Dart              |       |       |    28 |    30 ||    58
       Boomerang         |       |       |     3 |     2 ||     5
Invok: Lunge             |       |       |       |    60 ||    60
       Whirlwind         |       |       |       |   115 ||   115
 Abil: Wall Jump         |       |       |       |     2 ||     2
  Use: Scroll            |       |       |     6 |     7 ||    13
       Potion            |       |       |     3 |     5 ||     8
 Stab: Held in net/web   |       |     1 |     1 |     1 ||     3
       Invisible         |       |       |     4 |     3 ||     7
Armor: Leather armour    |    22 |    14 |     6 |       ||    42
       Plate armour      |       |       |   162 |   285 ||   447
Dodge: Dodged            |    71 |    71 |   145 |   262 ||   549
